 Dungeon Crawl Stone Soup version 0.26.1-11-gd32895ea62 (webtiles) character file.

Game seed: 7771835087416432195

63 Brewhammer the Ruffian (level 3, 0/28 HPs)
             Began as a Draconian Transmuter on May 7, 2021.
             Succumbed to an adder's poison
             ... on level 2 of the Dungeon.
             The game lasted 00:05:19 (1659 turns).

Brewhammer the Ruffian (Draconian Transmuter)       Turns: 1659, Time: 00:05:20

Health: 0/28       AC:  5    Str: 13    XL:     3   Next: 87%
Magic:  3/6        EV: 12    Int: 13    God:
Gold:   74         SH:  0    Dex: 11    Spells: 4/7 levels left

rFire    . . .     SeeInvis .     - Unarmed
rCold    . . .     Faith    .   (no shield)
rNeg     . . .     Spirit   .   (armour unavailable)
rPois    .         Reflect  .   (helmet currently unavailable)
rElec    .         Harm     .   (no cloak)
rCorr    .         Rampage  .   (no gloves)
Will     .....                  (boots currently unavailable)
Stlth    +.........             (no amulet)
HPRegen  0.09/turn              (no ring)
MPRegen  0.10/turn              (no ring)

@: lethally poisoned (0 -> -8), appendages (expiring), wereblooded
A: unfitting armour, horns 2, talons 2, cold-blooded, AC +5
a: End Transformation


You were on level 2 of the Dungeon.
You had grown temporary horns.
You had grown temporary talons.
You visited 1 branch of the dungeon, and saw 2 of its levels.

You collected 74 gold pieces.

Inventory:

Armour
 f - a +0 robe
Jewellery
 d - a +4 ring of evasion {unknown}
 k - an uncursed ring of ice {unknown}
Scrolls
 a - a scroll of enchant weapon {unknown}
 c - a scroll of immolation {unknown}
 g - a scroll of random uselessness {unknown}
 h - a scroll of fog {unknown}
 j - a scroll of amnesia {unknown}
Potions
 b - 2 potions of curing {unknown}
 e - a potion of ambrosia {unknown}
 i - 2 potions of degeneration {unknown}


   Skills:
 + Level 1.1 Fighting
 + Level 1.9 Dodging
 + Level 0.9 Stealth
 + Level 3.8 Unarmed Combat
 + Level 2.6 Spellcasting
 + Level 2.4 Transmutations


You had 4 spell levels left.
You knew the following spells:

 Your Spells              Type           Power        Failure   Level
a - Beastly Appendage     Tmut           16%          9%          1
b - Wereblood             Tmut           8%           13%         2

Your spell library contained the following spells:

 Spells                   Type           Power        Failure   Level
 Spider Form              Tmut/Pois      2%           41%         3
 Ice Form                 Ice/Tmut       4%           82%         4
 Blade Hands              Tmut           4%           94%         5


Dungeon Overview and Level Annotations

Branches:
Dungeon (2/15)

Altars:
Uskayaw


Innate Abilities, Weirdness & Mutations

Your plain brown scales are hard. (AC +5)
You cannot fit into any form of body armour.
You are cold-blooded and may be slowed by cold attacks.
You have a pair of horns on your head.
You have razor-sharp toenails.


Message History

Your transformation is almost over.
A leopard gecko comes into view.
The adder bites you.
* * * LOW HITPOINT WARNING * * *
You are poisoned.
The adder poisons you!
You barely miss the adder. Your kick misses the adder.
The adder is lightly wounded.
You feel sick. The adder bites you.
* * * LOW HITPOINT WARNING * * *
You are more poisoned.
The adder poisons you!
You barely miss the adder. You claw the adder.
Your tail-slap misses the adder.
The adder is heavily wounded.
The adder bites you.
* * * LOW HITPOINT WARNING * * *
You closely miss the adder. Your headbutt misses the adder.
You tail-slap the adder, but do no damage.
The adder is heavily wounded.
You die...

#........######
#...##......... #.
#...#.).....### #.
#..)#.8.8.8...# #.
#...#.........# #(
#.............# #.
#.###......#.... ###.
#.......))_# ###
#######... .........@#
.......... ###.......S.#
#...###.## ...........#
#...###.## ####.8.8.8....
..........
#.........#.#########...
....l....#.........<...##
.....#.#.#.#.####.####.#
....#.#.#.#.# #..#.##
#......


You could see an adder and a leopard gecko.

Vanquished Creatures
  4 adders (D:2)
  2 dart slugs
  A leopard gecko (D:1)
  4 bats
  2 hobgoblins (D:1)
  4 frilled lizards
  A goblin (D:1)
  5 kobolds
  3 rats
26 creatures vanquished.

Notes
Turn   | Place    | Note
-------+----------+-------------------------------------------
     0 | D:1      | Brewhammer the Draconian Transmuter began the quest for the
                  | Orb.
     0 | D:1      | Reached XP level 1. HP: 16/16 MP: 3/3
   476 | D:1      | Reached XP level 2. HP: 12/23 MP: 3/5
  1176 | D:2      | Learned a level 2 spell: Wereblood
  1322 | D:2      | Reached XP level 3. HP: 27/28 MP: 2/6
  1625 | D:2      | Found a hide-covered altar of Uskayaw.
  1658 | D:2      | HP: 1/28 [adder (1)]
  1659 | D:2      | Succumbed to an adder's poison

Illustrated notes

Levels and vault maps discovered:
D:1:      wander_arrival_peaceful_grave, layout_basic, item_on_display_a
D:2:      layout_basic, eat_drink_and_be_merry_uskayaw, cheibriados_altar_1,
          yredelemnul_altar_generic

Action                   || total
-------------------------++-------
Melee: Unarmed           ||    95
       Headbutt          ||     7
       Kick              ||     9
       Tailslap          ||     2
       Punch             ||     2
 Cast: Beastly Appendage ||    17
       Wereblood         ||     4
Armor: Skin              ||    29
Dodge: Dodged            ||    70
